CHICAGO vs NASHVILLE

Created - April 19, 2021 at 15:04

Goals
1 2 3 OT1 SO T
CHICAGO 2 1 0 0 0 3
NASHVILLE 0 1 2 0 1 4
Shots
1 2 3 OT1 SO T
CHICAGO 11 13 7 2 3 33
NASHVILLE 12 13 9 2 2 36

1st period

1. CHICAGO , Tyler Bozak 10 (Gustav Nyquist 19, Tyson Barrie 25) at 1:36 (PP)
2. CHICAGO , Milan Lucic 8 (Mark Pysyk 11, Frans Nielsen 19) at 9:02

Penalties :
J.T. Compher (NSH) for Hooking (Minor) at 1:28

2nd period

3. NASHVILLE , Jason Dickinson 13 (Nicolas Hague 17, J.T. Compher 20) at 17:31
4. CHICAGO , Milan Lucic 9 (Mikkel Boedker 8, Travis Dermott 16) at 18:44

Penalties :
Connor Carrick (NSH) for Holding (Minor) at 4:34, Paul Byron (NSH) for Hooking (Minor) at 8:26, Tage Thompson (NSH) for Hooking (Minor) at 11:06, Brendan Perlini (CHI) for Roughing (Minor) at 11:06

3rd period

5. NASHVILLE , Jason Dickinson 14 (J.T. Compher 21, Nicolas Hague 18) at 8:48
6. NASHVILLE , Jared McCann 10 (Sean Monahan 23, Morgan Rielly 25) at 14:08

Penalties :
Milan Lucic (CHI) for Hooking (Minor) at 19:44

Overtime #1

No Goal

Penalties :
No Penalty

Shootout

CHICAGO, Gustav Nyquist - Stopped by Joonas Korpisalo
NASHVILLE, Sean Monahan - Goal!
CHICAGO, Tyler Bozak - Shot Misses the Net
NASHVILLE, Jared McCann - Stopped by James Reimer
CHICAGO, Cody Eakin - Stopped by Joonas Korpisalo

Penalties :
No Penalty

Goalie Stats

James Reimer (CHI), 33 saves from 36 shots - (0.917), OTL, 13-24-5, 65:00 minutes
Joonas Korpisalo (NSH), 30 saves from 33 shots - (0.909), W, 16-21-4, 65:00 minutes

Players Stats for CHICAGO

Player Name              G  A  P  +/- PIM S  H  SB GA TA FO     MP     PP MP  PK MP  
------------------------------------------------------------------------------------
Brandon Sutter           0  0  0  -1  0   3  1  0  0  0  10/19  18:28   0:00   0:00 
Brendan Perlini          0  0  0  -1  2   2  0  1  0  0  0/1    18:33   0:00   0:06 
Brett Murray             0  0  0   0  0   0  0  0  0  0  0/0     6:39   0:00   0:00 
Cody Eakin               0  0  0  -2  0   5  3  1  0  0  0/2    18:17   2:08   0:00 
Connor Bunnaman          0  0  0   0  0   0  0  0  0  0  0/0     0:00   0:00   0:00 
Erik Haula               0  0  0  -1  0   2  0  0  0  0  1/4    16:59   0:00   0:31 
Frans Nielsen            0  1  1   2  0   2  0  1  0  0  15/23  18:50   1:58   0:00 
Gustav Nyquist           0  1  1  -2  0   2  1  0  0  0  1/4    25:32   2:08   1:05 
Haydn Fleury             0  0  0  -1  0   0  0  0  0  0  0/0    16:14   0:00   0:00 
Mark Pysyk               0  1  1   1  0   2  0  1  0  0  0/0    20:24   1:41   0:54 
Mason Appleton           0  0  0   0  0   1  1  0  0  0  7/15    7:55   0:00   0:00 
Mikkel Boedker           0  1  1   2  0   3  0  0  0  0  0/1    18:52   1:58   0:00 
Milan Lucic              2  0  2   2  2   4  3  0  0  0  1/1    17:35   1:58   0:00 
Nick Leddy               0  0  0  -1  0   2  4  2  0  0  0/0    26:29   2:25   1:05 
Nikita Nesterov          0  0  0   0  0   0  0  0  0  0  0/0     5:23   0:00   0:00 
Travis Dermott           0  1  1   1  0   1  0  2  0  0  0/0    21:48   1:41   0:54 
Tyler Bozak              1  0  1  -2  0   4  1  0  0  0  13/23  18:20   2:08   0:32 
Tyler Lewington          0  0  0  -1  0   0  2  0  0  0  0/0    15:20   0:00   0:00 
Tyson Barrie             0  1  1  -1  0   0  2  1  0  0  0/0    21:06   2:25   1:05 

Players Stats for NASHVILLE

Player Name              G  A  P  +/- PIM S  H  SB GA TA FO     MP     PP MP  PK MP  
------------------------------------------------------------------------------------
Adam Larsson             0  0  0  -2  0   1  3  1  0  0  0/0    20:09   0:00   2:31 
Alex Chiasson            0  0  0  -1  0   2  0  0  0  0  0/0    12:29   0:00   0:00 
Andrew Peeke             0  0  0   0  0   1  2  1  0  0  0/0    16:20   0:00   0:00 
Bobby Ryan               0  0  0  -1  0   3  1  0  0  0  0/0    12:29   0:00   0:00 
Brian Dumoulin           0  0  0   2  0   4  2  1  0  0  0/0    20:40   0:15   1:35 
Connor Carrick           0  0  0   0  2   2  2  0  0  0  0/0    18:21   0:00   0:00 
Devin Shore              0  0  0   0  0   1  0  0  0  0  7/12    9:45   0:00   0:00 
J.T. Compher             0  2  2   2  2   2  0  0  0  0  8/17   18:35   0:15   1:07 
Jared McCann             1  0  1   0  0   3  3  0  0  0  1/3    22:19   0:00   2:22 
Jason Dickinson          2  0  2   2  0   4  3  0  0  0  0/0    17:59   0:15   0:17 
Jeremy Lauzon            0  0  0   1  0   1  0  0  0  0  0/0     4:35   0:00   0:00 
Jimmy Vesey              0  0  0   2  0   2  0  0  0  0  1/1    16:54   0:15   0:00 
Josh Leivo               0  0  0   0  0   1  0  0  0  0  0/0     7:43   0:00   0:00 
Morgan Rielly            0  1  1  -1  0   2  0  1  0  0  0/0    24:44   0:00   2:31 
Nicolas Hague            0  2  2   2  0   0  3  0  0  0  0/0    21:54   0:15   1:35 
Nolan Patrick            0  0  0  -1  0   1  0  0  0  0  7/15   13:51   0:00   1:22 
Paul Byron               0  0  0   0  2   3  3  0  0  0  2/3    20:21   0:00   0:30 
Sean Monahan             0  1  1   0  0   2  1  0  0  0  18/40  22:31   0:00   2:34 
Tage Thompson            0  0  0   0  2   1  1  0  0  0  1/2     8:56   0:00   0:00 

3 Stars

1 - Jason Dickinson (NSH)
2 - Milan Lucic (CHI)
3 - Nicolas Hague (NSH)

Power Play

CHICAGO - 1 on 3 Attempt(s) - 33.33%
NASHVILLE - 0 on 1 Attempt(s) - 0.00%

Penalty Kill

CHICAGO - 1 on 1 Attempt(s) - 100.00% - Score 0 goal in Penalty Kill
NASHVILLE - 2 on 3 Attempt(s) - 66.67% - Score 0 goal in Penalty Kill

Team Stat

CHICAGO - Hits : 18 - Faceoff Wins : 48 - Blocked Shots : 9 - Penalty Minutes : 4
NASHVILLE - Hits : 24 - Faceoff Wins : 45 - Blocked Shots : 4 - Penalty Minutes : 8

Official

Referees : Furman South and Marc Joannette
Linesman : Brian Mach and Corey Scott

Game Notes

No Game Note

Finance

Level 1 -- Attendance: 4203 (70.05%) -- Ticket Income $420,300
Level 2 -- Attendance: 4115 (82.30%) -- Ticket Income $246,900
Level 3 -- Attendance: 2000 (100.00%) -- Ticket Income $70,000
Level 4 -- Attendance: 2619 (65.48%) -- Ticket Income $65,475
Luxury Box -- Attendance: 720 (72.00%) -- Ticket Income $144,000
Game was played at the Bridgestone Arena.
Total Attendance: 13657 (75.87%)
Total Ticket Income: $946,675
Total Income: $946,675

CHICAGO

5 vs 5 Forward 
   Center                   Left Wing                Right Wing               Time % Phy DF OF 
 1 Tyler Bozak              Cody Eakin               Gustav Nyquist           35     1   2  2  
 2 Frans Nielsen            Mikkel Boedker           Milan Lucic              30     1   2  2  
 3 Brandon Sutter           Erik Haula               Brendan Perlini          25     1   2  2  
 4 Mason Appleton           Brett Murray             Gustav Nyquist           10     1   2  2  

5 vs 5 Defense 
   Defense                  Defense                                           Time % Phy DF OF 
 1 Nick Leddy               Tyson Barrie                                      35     1   2  2  
 2 Mark Pysyk               Travis Dermott                                    30     1   2  2  
 3 Haydn Fleury             Tyler Lewington                                   25     1   2  2  
 4 Nikita Nesterov          Nick Leddy                                        10     1   2  2  

PowerPlay Forward 
   Center                   Left Wing                Right Wing               Time % Phy DF OF 
 1 Tyler Bozak              Cody Eakin               Gustav Nyquist           60     1   2  2  
 2 Frans Nielsen            Mikkel Boedker           Milan Lucic              40     1   2  2  

PowerPlay Defense
   Defense                  Defense                                           Time % Phy DF OF 
 1 Nick Leddy               Tyson Barrie                                      60     1   2  2  
 2 Mark Pysyk               Travis Dermott                                    40     1   2  2  

Penalty Kill 4 Players Forward 
   Center                   Wing                     Time % Phy DF OF 
 1 Gustav Nyquist           Tyler Bozak              60     1   2  2  
 2 Cody Eakin               Frans Nielsen            40     1   2  2  

Penalty Kill 4 Players Defense
   Defense                  Defense                  Time % Phy DF OF 
 1 Nick Leddy               Tyson Barrie             60     1   2  2  
 2 Mark Pysyk               Travis Dermott           40     1   2  2  

Penalty Kill - 3 Players Forward 
   Forward                                           Time % Phy DF OF 
 1 Gustav Nyquist                                    60     1   2  2  
 2 Tyler Bozak                                       40     1   2  2  

Penalty Kill - 3 Players Defense
   Defense                  Defense                  Time % Phy DF OF 
 1 Nick Leddy               Tyson Barrie             60     1   2  2  
 2 Mark Pysyk               Travis Dermott           40     1   2  2  

4 vs 4 Forward 
   Center                   Wing                     Time % Phy DF OF 
 1 Gustav Nyquist           Tyler Bozak              60     1   2  2  
 2 Cody Eakin               Frans Nielsen            40     1   2  2  

4 vs 4 Defense
   Defense                  Defense                  Time % Phy DF OF 
 1 Nick Leddy               Tyson Barrie             60     1   2  2  
 2 Mark Pysyk               Travis Dermott           40     1   2  2  

Last Minutes Offensive
   Center                   Left Wing                Right Wing               Defense                  Defense                  
   Tyler Bozak              Cody Eakin               Gustav Nyquist           Nick Leddy               Tyson Barrie             

Last Minutes Defensive
   Center                   Left Wing                Right Wing               Defense                  Defense                  
   Tyler Bozak              Cody Eakin               Gustav Nyquist           Nick Leddy               Tyson Barrie             

Goaltenders
Starting : James Reimer             
Backup : Mike Smith               

Extra Forwards
Normal : Connor Bunnaman, Brandon Sutter, Erik Haula - PP : Connor Bunnaman, Brandon Sutter - PK : Erik Haula
Extra Defensemen
Normal : Haydn Fleury, Tyler Lewington, Nikita Nesterov - PP : Haydn Fleury - PK : Tyler Lewington, Nikita Nesterov
Penalty Shots
Gustav Nyquist, Tyler Bozak, Cody Eakin, Frans Nielsen, Milan Lucic

Scratches
CHI Cap Hit (Suspend), Michael Del Zotto (Healthy), Sven Baertschi (Bruised Left Arm Injury), Cory Schneider (Healthy)

NASHVILLE

5 vs 5 Forward 
   Center                   Left Wing                Right Wing               Time % Phy DF OF 
 1 Sean Monahan             Paul Byron               Jared McCann             35     1   2  2  
 2 J.T. Compher             Jason Dickinson          Jimmy Vesey              30     1   2  2  
 3 Nolan Patrick            Alex Chiasson            Bobby Ryan               25     1   2  2  
 4 Devin Shore              Josh Leivo               Tage Thompson            10     1   2  2  

5 vs 5 Defense 
   Defense                  Defense                                           Time % Phy DF OF 
 1 Morgan Rielly            Adam Larsson                                      35     1   2  2  
 2 Brian Dumoulin           Nicolas Hague                                     30     1   2  2  
 3 Andrew Peeke             Connor Carrick                                    25     1   2  2  
 4 Jeremy Lauzon            Morgan Rielly                                     10     1   2  2  

PowerPlay Forward 
   Center                   Left Wing                Right Wing               Time % Phy DF OF 
 1 Sean Monahan             Paul Byron               Jared McCann             60     1   2  2  
 2 J.T. Compher             Jason Dickinson          Jimmy Vesey              40     1   2  2  

PowerPlay Defense
   Defense                  Defense                                           Time % Phy DF OF 
 1 Morgan Rielly            Adam Larsson                                      60     1   2  2  
 2 Brian Dumoulin           Nicolas Hague                                     40     1   2  2  

Penalty Kill 4 Players Forward 
   Center                   Wing                     Time % Phy DF OF 
 1 Sean Monahan             Jared McCann             60     1   2  2  
 2 Paul Byron               J.T. Compher             40     1   2  2  

Penalty Kill 4 Players Defense
   Defense                  Defense                  Time % Phy DF OF 
 1 Morgan Rielly            Adam Larsson             60     1   2  2  
 2 Brian Dumoulin           Nicolas Hague            40     1   2  2  

Penalty Kill - 3 Players Forward 
   Forward                                           Time % Phy DF OF 
 1 Sean Monahan                                      60     1   2  2  
 2 Jared McCann                                      40     1   2  2  

Penalty Kill - 3 Players Defense
   Defense                  Defense                  Time % Phy DF OF 
 1 Morgan Rielly            Adam Larsson             60     1   2  2  
 2 Brian Dumoulin           Nicolas Hague            40     1   2  2  

4 vs 4 Forward 
   Center                   Wing                     Time % Phy DF OF 
 1 Sean Monahan             Jared McCann             60     1   2  2  
 2 Paul Byron               J.T. Compher             40     1   2  2  

4 vs 4 Defense
   Defense                  Defense                  Time % Phy DF OF 
 1 Morgan Rielly            Adam Larsson             60     1   2  2  
 2 Brian Dumoulin           Nicolas Hague            40     1   2  2  

Last Minutes Offensive
   Center                   Left Wing                Right Wing               Defense                  Defense                  
   Sean Monahan             Paul Byron               Jared McCann             Morgan Rielly            Adam Larsson             

Last Minutes Defensive
   Center                   Left Wing                Right Wing               Defense                  Defense                  
   Sean Monahan             Paul Byron               Jared McCann             Morgan Rielly            Adam Larsson             

Goaltenders
Starting : Joonas Korpisalo         
Backup : Devan Dubnyk             

Extra Forwards
Normal : Bobby Ryan, Alex Chiasson, Nolan Patrick - PP : Bobby Ryan, Alex Chiasson - PK : Nolan Patrick
Extra Defensemen
Normal : Andrew Peeke, Connor Carrick, Jeremy Lauzon - PP : Andrew Peeke - PK : Connor Carrick, Jeremy Lauzon
Penalty Shots
Sean Monahan, Jared McCann, Paul Byron, J.T. Compher, Jason Dickinson

Scratches
Alexander Barabanov (Healthy), Alex Petrovic (Healthy), Henrik Lundqvist (Healthy), NSH Cap Hit (Suspend)

% Time on Ice - CHICAGO

Lines # - Real PCT - Wanted PCT - Time Play
Normal Forward
1 - 28% - 35% - 14:55
2 - 29% - 30% - 15:38
3 - 31% - 25% - 16:28
4 - 12% - 10% - 6:39
Normal Defense
1 - 31% - 35% - 16:51
2 - 31% - 30% - 16:35
3 - 28% - 25% - 14:51
4 - 10% - 10% - 5:23
PP Forward
1 - 52% - 60% - 2:08
2 - 48% - 40% - 1:58
PP Defense
1 - 59% - 60% - 2:25
2 - 41% - 40% - 1:41
PK Forward
1 - 100% - 60% - 0:15
2 - 0% - 40% - 0:00
PK Defense
1 - 0% - 60% - 0:00
2 - 100% - 40% - 0:15
PK3 Forward
1 - 78% - 60% - 1:21
2 - 22% - 40% - 0:23
PK3 Defense
1 - 63% - 60% - 1:05
2 - 38% - 40% - 0:39
44 Forward
1 - 38% - 60% - 0:45
2 - 62% - 40% - 1:14
44 Defense
1 - 38% - 60% - 0:45
2 - 62% - 40% - 1:14
Last Minute Offensive  - 0:00
Last Minute Defensive  - 0:00
Total
Forward - 61:44
Defense - 61:44

% Time on Ice - NASHVILLE

Lines # - Real PCT - Wanted PCT - Time Play
Normal Forward
1 - 34% - 35% - 18:03
2 - 29% - 30% - 15:25
3 - 23% - 25% - 12:29
4 - 14% - 10% - 7:43
Normal Defense
1 - 29% - 35% - 15:43
2 - 32% - 30% - 17:02
3 - 30% - 25% - 16:20
4 - 9% - 10% - 4:35
PP Forward
1 - 0% - 60% - 0:00
2 - 100% - 40% - 0:15
PP Defense
1 - 0% - 60% - 0:00
2 - 100% - 40% - 0:15
PK Forward
1 - 73% - 60% - 2:59
2 - 27% - 40% - 1:07
PK Defense
1 - 61% - 60% - 2:31
2 - 39% - 40% - 1:35
PK3 Forward
1 - 0% - 60%
2 - 0% - 40%
PK3 Defense
1 - 0% - 60%
2 - 0% - 40%
44 Forward
1 - 51% - 60% - 1:54
2 - 49% - 40% - 1:49
44 Defense
1 - 52% - 60% - 1:55
2 - 48% - 40% - 1:48
Last Minute Offensive  - 0:00
Last Minute Defensive  - 0:00
Total
Forward - 61:44
Defense - 61:44

Play-by-Play

1st period


0:01 of 1st period - Sean Monahan wins face-off versus Tyler Bozak in neutral zone.
0:18 of 1st period - Paul Byron is hit by Tyler Bozak and loses puck.
0:24 of 1st period - Icing by Adam Larsson.
0:25 of 1st period - Frans Nielsen wins face-off versus Sean Monahan in NASHVILLE zone.
0:29 of 1st period - Icing by Adam Larsson.
0:30 of 1st period - Sean Monahan wins face-off versus Brandon Sutter in NASHVILLE zone.
0:30 of 1st period - Sean Monahan is hit by Brandon Sutter.
0:42 of 1st period - Brendan Perlini is hit by Jared McCann and loses puck.
0:49 of 1st period - Shot by Sean Monahan.
0:49 of 1st period - Shot Blocked by Brendan Perlini.
0:53 of 1st period - Shot by Jared McCann.
0:53 of 1st period - Stopped by James Reimer with a rebound.
0:55 of 1st period - Shot by Adam Larsson.
0:55 of 1st period - Stopped by James Reimer with a rebound.
1:12 of 1st period - Jimmy Vesey is hit by Tyler Lewington and loses puck.
1:28 of 1st period - Minor Penalty to J.T. Compher for Hooking.
1:29 of 1st period - Tyler Bozak wins face-off versus Sean Monahan in NASHVILLE zone.
1:36 of 1st period - Shot by Gustav Nyquist.
1:36 of 1st period - Deflect By Tyler Bozak.
1:36 of 1st period - Goal by Tyler Bozak - CHICAGO : 1 - NASHVILLE : 0.
1:37 of 1st period - Nolan Patrick wins face-off versus Frans Nielsen in neutral zone.
1:39 of 1st period - Connor Carrick is hit by Milan Lucic and loses puck.
2:01 of 1st period - Shot by Frans Nielsen.
2:01 of 1st period - Shot Misses the Net.
2:07 of 1st period - Andrew Peeke is hit by Milan Lucic and loses puck.
2:23 of 1st period - Off-side.
2:24 of 1st period - Devin Shore wins face-off versus Tyler Bozak in neutral zone.
2:44 of 1st period - Icing by Nick Leddy.
2:45 of 1st period - J.T. Compher wins face-off versus Tyler Bozak in CHICAGO zone.
3:04 of 1st period - Shot by Tyler Bozak.
3:04 of 1st period - Shot Blocked by Brian Dumoulin.
3:54 of 1st period - Shot by Sean Monahan.
3:54 of 1st period - Shot Misses the Net.
4:39 of 1st period - Shot by Bobby Ryan.
4:39 of 1st period - Stopped by James Reimer without a rebound.
4:40 of 1st period - Frans Nielsen wins face-off versus Tage Thompson in CHICAGO zone.
4:40 of 1st period - Frans Nielsen is hit by Nicolas Hague.
4:53 of 1st period - Milan Lucic is hit by Brian Dumoulin and loses puck.
5:09 of 1st period - Mikkel Boedker is hit by Brian Dumoulin and loses puck.
5:16 of 1st period - Shot by Milan Lucic.
5:16 of 1st period - Stopped by Joonas Korpisalo with a rebound.
5:18 of 1st period - Shot by Mark Pysyk.
5:18 of 1st period - Stopped by Joonas Korpisalo without a rebound.
5:19 of 1st period - J.T. Compher wins face-off versus Tyler Bozak in NASHVILLE zone.
5:43 of 1st period - Shot by Gustav Nyquist.
5:43 of 1st period - Shot Blocked by Andrew Peeke.
6:17 of 1st period - Mark Pysyk is hit by Jason Dickinson.
6:50 of 1st period - Icing by Travis Dermott.
6:51 of 1st period - Frans Nielsen wins face-off versus Jared McCann in CHICAGO zone.
7:04 of 1st period - Shot by Paul Byron.
7:04 of 1st period - Shot Blocked by Travis Dermott.
7:06 of 1st period - Shot by Brian Dumoulin.
7:06 of 1st period - Stopped by James Reimer without a rebound.
7:07 of 1st period - Nolan Patrick wins face-off versus Brandon Sutter in CHICAGO zone.
7:18 of 1st period - Shot by Morgan Rielly.
7:18 of 1st period - Stopped by James Reimer without a rebound.
7:19 of 1st period - Mason Appleton wins face-off versus Sean Monahan in CHICAGO zone.
7:32 of 1st period - Shot by Brett Murray.
7:32 of 1st period - Shot Misses the Net.
7:35 of 1st period - Icing by Sean Monahan.
7:36 of 1st period - Brandon Sutter wins face-off versus Sean Monahan in NASHVILLE zone.
7:40 of 1st period - Icing by Brian Dumoulin.
7:41 of 1st period - Sean Monahan wins face-off versus Tyler Bozak in NASHVILLE zone.
7:50 of 1st period - Shot by Jared McCann.
7:50 of 1st period - Stopped by James Reimer with a rebound.
7:53 of 1st period - Icing by Nick Leddy.
7:54 of 1st period - Tyler Bozak wins face-off versus Nolan Patrick in CHICAGO zone.
8:52 of 1st period - Shot by Frans Nielsen.
8:52 of 1st period - Shot Misses the Net.
8:54 of 1st period - Shot by Frans Nielsen.
8:54 of 1st period - Shot Blocked by Adam Larsson.
8:56 of 1st period - Shot by Milan Lucic.
8:56 of 1st period - Shot Misses the Net.
9:02 of 1st period - Shot by Milan Lucic.
9:02 of 1st period - Goal by Milan Lucic - CHICAGO : 2 - NASHVILLE : 0.
9:03 of 1st period - Sean Monahan wins face-off versus Erik Haula in neutral zone.
9:32 of 1st period - Shot by Jared McCann.
9:32 of 1st period - Shot Misses the Net.
9:44 of 1st period - Icing by Haydn Fleury.
9:45 of 1st period - Brandon Sutter wins face-off versus J.T. Compher in CHICAGO zone.
10:27 of 1st period - Shot by Frans Nielsen.
10:27 of 1st period - Stopped by Joonas Korpisalo without a rebound.
10:28 of 1st period - Devin Shore wins face-off versus Mason Appleton in NASHVILLE zone.
10:32 of 1st period - Off-side.
10:33 of 1st period - Mason Appleton wins face-off versus Jared McCann in neutral zone.
10:48 of 1st period - Shot by Gustav Nyquist.
10:48 of 1st period - Shot Misses the Net.
11:06 of 1st period - Shot by Paul Byron.
11:06 of 1st period - Stopped by James Reimer without a rebound.
11:07 of 1st period - Frans Nielsen wins face-off versus Devin Shore in CHICAGO zone.
11:31 of 1st period - Tyson Barrie is hit by Tage Thompson and loses puck.
12:14 of 1st period - Icing by Nicolas Hague.
12:15 of 1st period - Tyler Bozak wins face-off versus J.T. Compher in NASHVILLE zone.
13:23 of 1st period - Shot by Brendan Perlini.
13:23 of 1st period - Stopped by Joonas Korpisalo without a rebound.
13:24 of 1st period - Mason Appleton wins face-off versus Nolan Patrick in NASHVILLE zone.
13:55 of 1st period - Shot by Bobby Ryan.
13:55 of 1st period - Stopped by James Reimer without a rebound.
13:56 of 1st period - Devin Shore wins face-off versus Brandon Sutter in CHICAGO zone.
14:27 of 1st period - Shot by Tage Thompson.
14:27 of 1st period - Stopped by James Reimer with a rebound.
14:29 of 1st period - Shot by Morgan Rielly.
14:29 of 1st period - Stopped by James Reimer without a rebound.
14:30 of 1st period - Frans Nielsen wins face-off versus Sean Monahan in CHICAGO zone.
14:41 of 1st period - Shot by Paul Byron.
14:41 of 1st period - Shot Misses the Net.
16:06 of 1st period - Shot by Tyler Bozak.
16:06 of 1st period - Stopped by Joonas Korpisalo without a rebound.
16:07 of 1st period - Brandon Sutter wins face-off versus Devin Shore in NASHVILLE zone.
16:22 of 1st period - Shot by Brendan Perlini.
16:22 of 1st period - Shot Misses the Net.
16:44 of 1st period - Shot by Brandon Sutter.
16:44 of 1st period - Stopped by Joonas Korpisalo without a rebound.
16:45 of 1st period - J.T. Compher wins face-off versus Mason Appleton in NASHVILLE zone.
16:51 of 1st period - Icing by J.T. Compher.
16:52 of 1st period - Frans Nielsen wins face-off versus J.T. Compher in NASHVILLE zone.
17:12 of 1st period - Shot by Nick Leddy.
17:12 of 1st period - Deflect By Milan Lucic.
17:12 of 1st period - Stopped by Joonas Korpisalo with a rebound.
17:56 of 1st period - Gustav Nyquist is hit by Paul Byron and loses puck.
18:21 of 1st period - Icing by Jared McCann.
18:22 of 1st period - Sean Monahan wins face-off versus Brandon Sutter in NASHVILLE zone.
18:49 of 1st period - Shot by Brandon Sutter.
18:49 of 1st period - Stopped by Joonas Korpisalo without a rebound.
18:50 of 1st period - Frans Nielsen wins face-off versus Devin Shore in NASHVILLE zone.
18:57 of 1st period - Shot by Mikkel Boedker.
18:57 of 1st period - Stopped by Joonas Korpisalo without a rebound.
18:58 of 1st period - Mason Appleton wins face-off versus Nolan Patrick in NASHVILLE zone.
19:27 of 1st period - Shot by Bobby Ryan.
19:27 of 1st period - Stopped by James Reimer without a rebound.
19:28 of 1st period - Frans Nielsen wins face-off versus J.T. Compher in CHICAGO zone.
19:28 of 1st period - Frans Nielsen is hit by Jason Dickinson.
19:56 of 1st period - Shot by Jimmy Vesey.
19:56 of 1st period - Shot Blocked by Mark Pysyk.
19:58 of 1st period - Shot by Jeremy Lauzon.
19:58 of 1st period - Stopped by James Reimer without a rebound.
19:59 of 1st period - Tyler Bozak wins face-off versus Sean Monahan in CHICAGO zone.
Goals for this period are 2 for CHICAGO vs 0 for NASHVILLE.
Shots for this period are 11 for CHICAGO vs 12 for NASHVILLE.

2nd period


0:01 of 2nd period - Tyler Bozak wins face-off versus Sean Monahan in neutral zone.
0:12 of 2nd period - Tyler Bozak is hit by Jared McCann and loses puck.
0:22 of 2nd period - Adam Larsson is hit by Cody Eakin and loses puck.
1:20 of 2nd period - Icing by Connor Carrick.
1:21 of 2nd period - Nolan Patrick wins face-off versus Brendan Perlini in NASHVILLE zone.
1:36 of 2nd period - Shot by Erik Haula.
1:36 of 2nd period - Shot Misses the Net.
2:08 of 2nd period - Haydn Fleury is hit by Nicolas Hague and loses puck.
2:25 of 2nd period - Shot by Jimmy Vesey.
2:25 of 2nd period - Stopped by James Reimer without a rebound.
2:26 of 2nd period - Devin Shore wins face-off versus Mason Appleton in CHICAGO zone.
2:53 of 2nd period - Shot by Devin Shore.
2:53 of 2nd period - Shot Blocked by Nick Leddy.
2:55 of 2nd period - Shot by Josh Leivo.
2:55 of 2nd period - Shot Misses the Net.
3:00 of 2nd period - Josh Leivo is hit by Nick Leddy and loses puck.
3:29 of 2nd period - Shot by Jason Dickinson.
3:29 of 2nd period - Stopped by James Reimer without a rebound.
3:30 of 2nd period - Frans Nielsen wins face-off versus Sean Monahan in CHICAGO zone.
3:42 of 2nd period - Mikkel Boedker is hit by Connor Carrick and loses puck.
3:46 of 2nd period - Icing by Andrew Peeke.
3:47 of 2nd period - Brandon Sutter wins face-off versus Sean Monahan in NASHVILLE zone.
3:57 of 2nd period - Brandon Sutter is hit by Andrew Peeke and loses puck.
4:34 of 2nd period - Minor Penalty to Connor Carrick for Holding.
4:35 of 2nd period - Nolan Patrick wins face-off versus Tyler Bozak in NASHVILLE zone.
4:41 of 2nd period - Icing by Nick Leddy.
4:42 of 2nd period - Tyler Bozak wins face-off versus Sean Monahan in CHICAGO zone.
4:53 of 2nd period - Shot by Cody Eakin.
4:53 of 2nd period - Stopped by Joonas Korpisalo without a rebound.
4:54 of 2nd period - Sean Monahan wins face-off versus Frans Nielsen in NASHVILLE zone.
5:07 of 2nd period - Shot by Nick Leddy.
5:07 of 2nd period - Stopped by Joonas Korpisalo without a rebound.
5:08 of 2nd period - Sean Monahan wins face-off versus Gustav Nyquist in NASHVILLE zone.
5:29 of 2nd period - Shot by Mark Pysyk.
5:29 of 2nd period - Stopped by Joonas Korpisalo with a rebound.
5:31 of 2nd period - Shot by Tyler Bozak.
5:31 of 2nd period - Stopped by Joonas Korpisalo without a rebound.
5:32 of 2nd period - Sean Monahan wins face-off versus Frans Nielsen in NASHVILLE zone.
5:32 of 2nd period - Sean Monahan is hit by Milan Lucic.
6:04 of 2nd period - Nick Leddy is hit by Nicolas Hague and loses puck.
7:00 of 2nd period - Shot by Devin Shore.
7:00 of 2nd period - Shot Misses the Net.
7:08 of 2nd period - Shot by Josh Leivo.
7:08 of 2nd period - Stopped by James Reimer without a rebound.
7:09 of 2nd period - J.T. Compher wins face-off versus Tyler Bozak in CHICAGO zone.
7:24 of 2nd period - Shot by Jimmy Vesey.
7:24 of 2nd period - Shot Misses the Net.
7:26 of 2nd period - Shot by Jimmy Vesey.
7:26 of 2nd period - Shot Misses the Net.
8:09 of 2nd period - Brandon Sutter is hit by Adam Larsson and loses puck.
8:17 of 2nd period - Off-side.
8:18 of 2nd period - Paul Byron wins face-off versus Frans Nielsen in neutral zone.
8:26 of 2nd period - Minor Penalty to Paul Byron for Hooking.
8:27 of 2nd period - Frans Nielsen wins face-off versus Sean Monahan in NASHVILLE zone.
9:24 of 2nd period - Shot by Cody Eakin.
9:24 of 2nd period - Stopped by Joonas Korpisalo with a rebound.
9:28 of 2nd period - Shot by Cody Eakin.
9:28 of 2nd period - Stopped by Joonas Korpisalo without a rebound.
9:29 of 2nd period - Sean Monahan wins face-off versus Tyler Bozak in NASHVILLE zone.
9:41 of 2nd period - Icing by Tyler Bozak.
9:42 of 2nd period - Tyler Bozak wins face-off versus Sean Monahan in CHICAGO zone.
10:03 of 2nd period - Shot by Cody Eakin.
10:03 of 2nd period - Stopped by Joonas Korpisalo with a rebound.
11:06 of 2nd period - Minor Penalty to Tage Thompson for Hooking.
11:06 of 2nd period - Minor Penalty to Brendan Perlini for Roughing.
11:07 of 2nd period - Gustav Nyquist wins face-off versus Sean Monahan in neutral zone.
11:18 of 2nd period - Shot by Jared McCann.
11:18 of 2nd period - Shot Misses the Net.
11:20 of 2nd period - Shot by Brian Dumoulin.
11:20 of 2nd period - Stopped by James Reimer with a rebound.
12:22 of 2nd period - Adam Larsson is hit by Cody Eakin and loses puck.
12:45 of 2nd period - Icing by Travis Dermott.
12:46 of 2nd period - Sean Monahan wins face-off versus Frans Nielsen in CHICAGO zone.
13:14 of 2nd period - Shot by Connor Carrick.
13:14 of 2nd period - Stopped by James Reimer without a rebound.
13:15 of 2nd period - Nolan Patrick wins face-off versus Brandon Sutter in CHICAGO zone.
13:42 of 2nd period - Shot by Bobby Ryan.
13:42 of 2nd period - Shot Misses the Net.
13:44 of 2nd period - Shot by Connor Carrick.
13:44 of 2nd period - Shot Misses the Net.
14:28 of 2nd period - Shot by Josh Leivo.
14:28 of 2nd period - Shot Misses the Net.
14:30 of 2nd period - Shot by Nicolas Hague.
14:30 of 2nd period - Deflect By Devin Shore.
14:30 of 2nd period - Stopped by James Reimer without a rebound.
14:31 of 2nd period - Jimmy Vesey wins face-off versus Frans Nielsen in CHICAGO zone.
14:34 of 2nd period - Shot by J.T. Compher.
14:34 of 2nd period - Stopped by James Reimer with a rebound.
14:44 of 2nd period - Shot by Mikkel Boedker.
14:44 of 2nd period - Stopped by Joonas Korpisalo without a rebound.
14:45 of 2nd period - Sean Monahan wins face-off versus Gustav Nyquist in NASHVILLE zone.
14:45 of 2nd period - Sean Monahan is hit by Mason Appleton.
14:54 of 2nd period - Off-side.
14:55 of 2nd period - Tyler Bozak wins face-off versus J.T. Compher in neutral zone.
15:08 of 2nd period - Jimmy Vesey is hit by Cody Eakin and loses puck.
15:27 of 2nd period - Shot by Tyler Bozak.
15:27 of 2nd period - Shot Misses the Net.
15:29 of 2nd period - Shot by Cody Eakin.
15:29 of 2nd period - Shot Misses the Net.
15:31 of 2nd period - Shot by Gustav Nyquist.
15:31 of 2nd period - Stopped by Joonas Korpisalo without a rebound.
15:32 of 2nd period - Frans Nielsen wins face-off versus Sean Monahan in NASHVILLE zone.
15:32 of 2nd period - Frans Nielsen is hit by Adam Larsson.
15:36 of 2nd period - Shot by Frans Nielsen.
15:36 of 2nd period - Stopped by Joonas Korpisalo with a rebound.
15:42 of 2nd period - Shot by Frans Nielsen.
15:42 of 2nd period - Shot Blocked by Morgan Rielly.
15:44 of 2nd period - Shot by Travis Dermott.
15:44 of 2nd period - Stopped by Joonas Korpisalo without a rebound.
15:45 of 2nd period - Brandon Sutter wins face-off versus Nolan Patrick in NASHVILLE zone.
15:56 of 2nd period - Shot by Brendan Perlini.
15:56 of 2nd period - Shot Misses the Net.
16:09 of 2nd period - Shot by Connor Carrick.
16:09 of 2nd period - Stopped by James Reimer without a rebound.
16:10 of 2nd period - Paul Byron wins face-off versus Tyler Bozak in CHICAGO zone.
16:10 of 2nd period - Paul Byron is hit by Nick Leddy.
16:18 of 2nd period - Shot by Sean Monahan.
16:18 of 2nd period - Shot Misses the Net.
16:22 of 2nd period - Shot by Paul Byron.
16:22 of 2nd period - Stopped by James Reimer with a rebound.
16:24 of 2nd period - Shot by Jared McCann.
16:24 of 2nd period - Shot Misses the Net.
16:26 of 2nd period - Shot by Paul Byron.
16:26 of 2nd period - Shot Misses the Net.
16:48 of 2nd period - Shot by Jared McCann.
16:48 of 2nd period - Shot Misses the Net.
16:50 of 2nd period - Shot by Adam Larsson.
16:50 of 2nd period - Shot Misses the Net.
17:31 of 2nd period - Shot by Jason Dickinson.
17:31 of 2nd period - Goal by Jason Dickinson - CHICAGO : 2 - NASHVILLE : 1.
17:32 of 2nd period - Frans Nielsen wins face-off versus Nolan Patrick in neutral zone.
17:39 of 2nd period - Shot by Alex Chiasson.
17:39 of 2nd period - Stopped by James Reimer without a rebound.
17:40 of 2nd period - Milan Lucic wins face-off versus Nolan Patrick in CHICAGO zone.
17:55 of 2nd period - Shot by Nolan Patrick.
17:55 of 2nd period - Stopped by James Reimer without a rebound.
17:56 of 2nd period - Jared McCann wins face-off versus Erik Haula in CHICAGO zone.
18:09 of 2nd period - Shot by Brandon Sutter.
18:09 of 2nd period - Stopped by Joonas Korpisalo without a rebound.
18:10 of 2nd period - J.T. Compher wins face-off versus Mikkel Boedker in NASHVILLE zone.
18:18 of 2nd period - Icing by Mark Pysyk.
18:19 of 2nd period - Frans Nielsen wins face-off versus Sean Monahan in CHICAGO zone.
18:44 of 2nd period - Shot by Milan Lucic.
18:44 of 2nd period - Goal by Milan Lucic - CHICAGO : 3 - NASHVILLE : 1.
18:45 of 2nd period - J.T. Compher wins face-off versus Mason Appleton in neutral zone.
19:09 of 2nd period - Icing by Nick Leddy.
19:10 of 2nd period - Sean Monahan wins face-off versus Mason Appleton in CHICAGO zone.
19:16 of 2nd period - Icing by Nick Leddy.
19:17 of 2nd period - Sean Monahan wins face-off versus Mason Appleton in CHICAGO zone.
19:44 of 2nd period - Icing by Morgan Rielly.
19:45 of 2nd period - Sean Monahan wins face-off versus Frans Nielsen in NASHVILLE zone.
19:58 of 2nd period - Shot by Paul Byron.
19:58 of 2nd period - Stopped by James Reimer without a rebound.
19:59 of 2nd period - Brandon Sutter wins face-off versus J.T. Compher in CHICAGO zone.
Goals for this period are 1 for CHICAGO vs 1 for NASHVILLE.
Shots for this period are 13 for CHICAGO vs 13 for NASHVILLE.

3rd period


0:01 of 3rd period - Tyler Bozak wins face-off versus Sean Monahan in neutral zone.
0:03 of 3rd period - Nick Leddy is hit by Adam Larsson and loses puck.
0:39 of 3rd period - Tyson Barrie is hit by Jared McCann and loses puck.
1:22 of 3rd period - Shot by Jimmy Vesey.
1:22 of 3rd period - Shot Blocked by Frans Nielsen.
2:02 of 3rd period - Shot by Nolan Patrick.
2:02 of 3rd period - Shot Misses the Net.
2:04 of 3rd period - Shot by Alex Chiasson.
2:04 of 3rd period - Stopped by James Reimer without a rebound.
2:05 of 3rd period - Mason Appleton wins face-off versus Devin Shore in CHICAGO zone.
5:00 of 3rd period - Shot by Tyler Bozak.
5:00 of 3rd period - Stopped by Joonas Korpisalo without a rebound.
5:01 of 3rd period - Mason Appleton wins face-off versus Sean Monahan in NASHVILLE zone.
5:07 of 3rd period - Icing by Sean Monahan.
5:08 of 3rd period - Sean Monahan wins face-off versus Cody Eakin in NASHVILLE zone.
5:10 of 3rd period - Icing by Paul Byron.
5:11 of 3rd period - Tyler Bozak wins face-off versus Sean Monahan in NASHVILLE zone.
5:18 of 3rd period - Shot by Gustav Nyquist.
5:18 of 3rd period - Shot Misses the Net.
6:23 of 3rd period - Shot by Jimmy Vesey.
6:23 of 3rd period - Shot Misses the Net.
6:48 of 3rd period - Off-side.
6:49 of 3rd period - Brandon Sutter wins face-off versus Nolan Patrick in neutral zone.
7:01 of 3rd period - Shot by Brendan Perlini.
7:01 of 3rd period - Shot Misses the Net.
7:03 of 3rd period - Shot by Erik Haula.
7:03 of 3rd period - Stopped by Joonas Korpisalo without a rebound.
7:04 of 3rd period - Erik Haula wins face-off versus Sean Monahan in NASHVILLE zone.
7:04 of 3rd period - Tyler Lewington is hit by Andrew Peeke and loses puck.
7:08 of 3rd period - Icing by Sean Monahan.
7:09 of 3rd period - Sean Monahan wins face-off versus Brandon Sutter in NASHVILLE zone.
7:24 of 3rd period - Sean Monahan is hit by Nick Leddy and loses puck.
7:30 of 3rd period - Paul Byron is hit by Nick Leddy.
7:39 of 3rd period - Shot by Jared McCann.
7:39 of 3rd period - Shot Blocked by Nick Leddy.
7:50 of 3rd period - Erik Haula is hit by Sean Monahan and loses puck.
8:18 of 3rd period - Shot by Cody Eakin.
8:18 of 3rd period - Stopped by Joonas Korpisalo without a rebound.
8:19 of 3rd period - Tyler Bozak wins face-off versus J.T. Compher in NASHVILLE zone.
8:38 of 3rd period - Shot by Brian Dumoulin.
8:38 of 3rd period - Stopped by James Reimer with a rebound.
8:40 of 3rd period - Shot by J.T. Compher.
8:40 of 3rd period - Shot Misses the Net.
8:48 of 3rd period - Shot by Jason Dickinson.
8:48 of 3rd period - Goal by Jason Dickinson - CHICAGO : 3 - NASHVILLE : 2.
8:49 of 3rd period - Nolan Patrick wins face-off versus Frans Nielsen in neutral zone.
8:59 of 3rd period - Alex Chiasson is hit by Tyler Lewington and loses puck.
9:21 of 3rd period - Haydn Fleury is hit by Bobby Ryan and loses puck.
9:49 of 3rd period - Shot by Gustav Nyquist.
9:49 of 3rd period - Stopped by Joonas Korpisalo without a rebound.
9:50 of 3rd period - J.T. Compher wins face-off versus Tyler Bozak in NASHVILLE zone.
10:23 of 3rd period - Shot by Nick Leddy.
10:23 of 3rd period - Stopped by Joonas Korpisalo without a rebound.
10:24 of 3rd period - Sean Monahan wins face-off versus Brandon Sutter in NASHVILLE zone.
10:41 of 3rd period - Shot by Paul Byron.
10:41 of 3rd period - Shot Misses the Net.
10:43 of 3rd period - Shot by Andrew Peeke.
10:43 of 3rd period - Stopped by James Reimer without a rebound.
10:44 of 3rd period - Nolan Patrick wins face-off versus Mason Appleton in CHICAGO zone.
10:58 of 3rd period - Off-side.
10:59 of 3rd period - Frans Nielsen wins face-off versus Paul Byron in neutral zone.
10:59 of 3rd period - Travis Dermott is hit by Paul Byron and loses puck.
12:34 of 3rd period - Shot by J.T. Compher.
12:34 of 3rd period - Shot Misses the Net.
12:54 of 3rd period - Shot by Jimmy Vesey.
12:54 of 3rd period - Stopped by James Reimer without a rebound.
12:55 of 3rd period - Devin Shore wins face-off versus Cody Eakin in CHICAGO zone.
12:55 of 3rd period - Devin Shore is hit by Tyson Barrie.
13:18 of 3rd period - Josh Leivo is hit by Tyson Barrie and loses puck.
13:21 of 3rd period - Shot by Devin Shore.
13:21 of 3rd period - Shot Misses the Net.
13:23 of 3rd period - Shot by Devin Shore.
13:23 of 3rd period - Shot Misses the Net.
13:25 of 3rd period - Shot by Brian Dumoulin.
13:25 of 3rd period - Shot Misses the Net.
13:46 of 3rd period - Icing by Jeremy Lauzon.
13:47 of 3rd period - Brandon Sutter wins face-off versus Sean Monahan in NASHVILLE zone.
14:08 of 3rd period - Shot by Jared McCann.
14:08 of 3rd period - Goal by Jared McCann - CHICAGO : 3 - NASHVILLE : 3.
14:09 of 3rd period - Mason Appleton wins face-off versus J.T. Compher in neutral zone.
14:26 of 3rd period - Mason Appleton is hit by Connor Carrick and loses puck.
14:35 of 3rd period - Gustav Nyquist is hit by Jason Dickinson and loses puck.
15:11 of 3rd period - Shot by Brandon Sutter.
15:11 of 3rd period - Shot Misses the Net.
15:25 of 3rd period - Shot by Erik Haula.
15:25 of 3rd period - Stopped by Joonas Korpisalo without a rebound.
15:26 of 3rd period - Tyler Bozak wins face-off versus Nolan Patrick in NASHVILLE zone.
15:42 of 3rd period - Bobby Ryan is hit by Gustav Nyquist and loses puck.
16:01 of 3rd period - Shot by Alex Chiasson.
16:01 of 3rd period - Shot Misses the Net.
16:03 of 3rd period - Shot by Bobby Ryan.
16:03 of 3rd period - Shot Misses the Net.
16:05 of 3rd period - Shot by Brian Dumoulin.
16:05 of 3rd period - Shot Misses the Net.
16:22 of 3rd period - Off-side.
16:23 of 3rd period - Brandon Sutter wins face-off versus Sean Monahan in neutral zone.
16:30 of 3rd period - Shot by Brendan Perlini.
16:30 of 3rd period - Stopped by Joonas Korpisalo with a rebound.
16:58 of 3rd period - Shot by Sean Monahan.
16:58 of 3rd period - Stopped by James Reimer without a rebound.
16:59 of 3rd period - Frans Nielsen wins face-off versus J.T. Compher in CHICAGO zone.
18:11 of 3rd period - Shot by Nicolas Hague.
18:11 of 3rd period - Shot Blocked by Travis Dermott.
18:33 of 3rd period - Shot by Brian Dumoulin.
18:33 of 3rd period - Stopped by James Reimer without a rebound.
18:34 of 3rd period - Tyler Bozak wins face-off versus Sean Monahan in CHICAGO zone.
18:34 of 3rd period - Tyler Bozak is hit by Paul Byron.
19:00 of 3rd period - Shot by Sean Monahan.
19:00 of 3rd period - Stopped by James Reimer with a rebound.
19:02 of 3rd period - Shot by Paul Byron.
19:02 of 3rd period - Shot Blocked by Tyson Barrie.
19:08 of 3rd period - Shot by Paul Byron.
19:08 of 3rd period - Shot Blocked by Cody Eakin.
19:44 of 3rd period - Minor Penalty to Milan Lucic for Hooking.
19:45 of 3rd period - J.T. Compher wins face-off versus Erik Haula in CHICAGO zone.
Goals for this period are 0 for CHICAGO vs 2 for NASHVILLE.
Shots for this period are 7 for CHICAGO vs 9 for NASHVILLE.

Overtime #1


0:01 of 1st overtime period - Sean Monahan wins face-off versus Gustav Nyquist in neutral zone.
0:32 of 1st overtime period - Shot by Jared McCann.
0:32 of 1st overtime period - Shot Misses the Net.
1:17 of 1st overtime period - Shot by J.T. Compher.
1:17 of 1st overtime period - Stopped by James Reimer with a rebound.
1:57 of 1st overtime period - Shot by Devin Shore.
1:57 of 1st overtime period - Shot Misses the Net.
2:03 of 1st overtime period - Shot by Devin Shore.
2:03 of 1st overtime period - Shot Misses the Net.
2:05 of 1st overtime period - Shot by Devin Shore.
2:05 of 1st overtime period - Shot Misses the Net.
2:57 of 1st overtime period - Shot by Mason Appleton.
2:57 of 1st overtime period - Stopped by Joonas Korpisalo without a rebound.
2:58 of 1st overtime period - Devin Shore wins face-off versus Brandon Sutter in NASHVILLE zone.
3:09 of 1st overtime period - Icing by Haydn Fleury.
3:10 of 1st overtime period - Brandon Sutter wins face-off versus Devin Shore in CHICAGO zone.
3:36 of 1st overtime period - Shot by Jason Dickinson.
3:36 of 1st overtime period - Shot Misses the Net.
3:38 of 1st overtime period - Shot by Jason Dickinson.
3:38 of 1st overtime period - Stopped by James Reimer without a rebound.
3:39 of 1st overtime period - Tage Thompson wins face-off versus Mason Appleton in CHICAGO zone.
4:30 of 1st overtime period - Shot by Mikkel Boedker.
4:30 of 1st overtime period - Stopped by Joonas Korpisalo without a rebound.
4:31 of 1st overtime period - Devin Shore wins face-off versus Brandon Sutter in NASHVILLE zone.
Goals for this period are 0 for CHICAGO vs 0 for NASHVILLE.
Shots for this period are 2 for CHICAGO vs 2 for NASHVILLE.

ShootOut


5:00 of 1st overtime period - Round #1.
5:00 of 1st overtime period - CHICAGO, Gustav Nyquist.
5:00 of 1st overtime period - Stopped by Joonas Korpisalo.
5:00 of 1st overtime period - NASHVILLE, Sean Monahan.
5:00 of 1st overtime period - Goal by Sean Monahan.
5:00 of 1st overtime period - Round #2.
5:00 of 1st overtime period - CHICAGO, Tyler Bozak.
5:00 of 1st overtime period - Shot Misses the Net.
5:00 of 1st overtime period - NASHVILLE, Jared McCann.
5:00 of 1st overtime period - Stopped by James Reimer.
5:00 of 1st overtime period - Round #3.
5:00 of 1st overtime period - CHICAGO, Cody Eakin.
5:00 of 1st overtime period - Stopped by Joonas Korpisalo.